AoeStats
← old f1sh

Arena

510305820Analyzed
4v4 RM · 22h ago on Sep 30, 2026· 49m 56s· 8 players
Game mode
Random Map
Map size
Large (8 player)
Population
200
Speed
Normal
Resources
Standard
Victory
Conquest
Starting age
Dark Age
Ending age
Imperial Age
RankedLock teamsTeams togetherTeam positionsShared explorationLock speedFull tech treeHidden civsTurbo modeCheats
Victory
Defeat
🇦🇷 Saxons · Argentina
1474
+13
🇨🇳 Jurchens · China
1429
+14
🇨🇳 Varangians · China
1382
+16
🇨🇳 Franks · China
1339
+19
🇨🇳 Franks · China
1534
-20
🇨🇳 Hindustanis · China
1459
-18
🇨🇳 Muisca · China
1424
-17
1156
-7
开心不易
10:20 Feudal Age
11:46 Double-Bit Axe
11:52 Loom
15:12 Castle Age
14:03 Horse Collar
40:47 Bow Saw
42:12 Wheelbarrow
41:23 Town Watch
44:02 Scale Mail Armor
43:34 Champi Runner
44:16 Squires
45:06 Forging
45:33 Champi Warrior
局局卡子
9:45 Feudal Age
14:09 Castle Age
12:13 Horse Collar
12:54 Double-Bit Axe
15:04 Bow Saw
19:14 Gold Mining
21:00 Heavy Plow
24:03 Stone Mining
25:51 Wheelbarrow
25:03 Loom
25:03 Town Watch
26:12 Sanctity
29:24 Imperial Age
28:05 Gold Shaft Mining
28:05 Stone Shaft Mining
28:00 Bloodlines
28:09 Husbandry
28:42 Scale Barding Armor
28:52 Grand Trunk Road
29:29 Forging
30:32 Chain Barding Armor
31:16 Chemistry
31:03 Conscription
31:27 Iron Casting
30:17 Heavy Camel Rider
32:50 Devotion
33:13 Padded Archer Armor
34:14 Blast Furnace
33:23 Caravan
34:11 Light Cavalry
35:39 Leather Archer Armor
36:52 Plate Barding Armor
36:08 Fletching
39:44 Coinage
40:19 Ring Archer Armor
41:17 Banking
41:49 Bodkin Arrow
42:32 Masonry
48:21 Hand Cart
49:08 Elite Skirmisher
50:00 Bracer
快乐不易
10:50 Feudal Age
11:36 Double-Bit Axe
14:25 Castle Age
15:33 Bow Saw
19:01 Loom
19:59 Wheelbarrow
22:09 Gold Mining
24:13 Gold Shaft Mining
24:52 Hand Cart
27:52 Imperial Age
25:39 Scale Barding Armor
26:29 Town Watch
27:17 Chain Barding Armor
27:33 Husbandry
29:15 Plate Barding Armor
28:51 Forging
28:04 Cavalier
29:05 Chivalry
31:41 Paladin
34:35 Iron Casting
39:03 Chemistry
39:06 Blast Furnace
38:07 Padded Archer Armor
37:38 Light Cavalry
41:40 Leather Archer Armor
42:09 Ballistics
46:35 Capped Ram
送外卖偷偷加小佐料
9:17 Feudal Age
13:40 Castle Age
12:13 Stone Mining
12:26 Double-Bit Axe
12:37 Loom
13:02 Horse Collar
30:31 Gold Mining
31:51 Heavy Plow
33:54 Bow Saw
38:46 Imperial Age
36:09 Hamask
36:52 Scale Mail Armor
37:07 Forging
37:47 Gold Shaft Mining
38:30 Squires
38:50 Chain Mail Armor
39:11 Iron Casting
39:28 Elite Varangian Guard
43:53 Pikeman
44:19 Arson
45:00 Halberdier
47:54 Wheelbarrow
48:12 Stone Shaft Mining
49:09 Plate Mail Armor
49:40 Blast Furnace
49:02 Caravan
50:16 Hand Cart
old f1sh
12:08 Feudal Age
12:53 Double-Bit Axe
13:11 Horse Collar
15:41 Castle Age
16:55 Bow Saw
16:12 Light Cavalry
23:09 Wheelbarrow
23:39 Loom
24:16 Gold Mining
24:28 Heavy Plow
26:39 Gold Shaft Mining
25:54 Stone Mining
26:25 Hand Cart
28:18 Scale Mail Armor
28:28 Forging
31:15 Imperial Age
28:36 Gambesons
28:52 Squires
28:39 Arson
30:20 Chain Mail Armor
30:41 Iron Casting
29:58 Guard Tower
30:19 Masonry
31:20 Elite Fire Lancer
33:47 Blast Furnace
32:47 Pikeman
35:27 Keep
35:58 Chemistry
35:10 Devotion
35:59 Halberdier
36:38 Arrowslits
38:15 Two-Man Saw
39:28 Siege Engineers
42:16 Padded Archer Armor
42:04 Heavy Rocket Cart
43:14 Ballistics
43:24 Architecture
44:06 Leather Archer Armor
44:11 Fortified Bastions
44:57 Murder Holes
45:49 Caravan
50:00 Thunderclap Bombs
50:10 Conscription
49:52 Town Watch
V我50%匡扶汉室
9:36 Feudal Age
10:13 Double-Bit Axe
14:21 Castle Age
15:10 Castle Age
16:18 Bow Saw
20:22 Wheelbarrow
22:30 Hand Cart
23:57 Gold Mining
23:58 Stone Mining
27:16 Gold Shaft Mining
27:42 Loom
28:49 Husbandry
29:04 Scale Mail Armor
29:14 Forging
32:05 Imperial Age
31:09 Chain Mail Armor
31:29 Iron Casting
32:09 Elite Throwing Axeman
33:28 Plate Mail Armor
33:22 Conscription
34:17 Chemistry
33:39 Fortified Wall
33:36 Siege Engineers
33:27 Light Cavalry
36:59 Blast Furnace
36:05 Scale Barding Armor
44:12 Fletching
44:44 Chain Barding Armor
47:38 Plate Barding Armor
涅槃重生
10:50 Feudal Age
14:45 Castle Age
12:56 Double-Bit Axe
13:03 Stone Mining
13:29 Horse Collar
15:43 Fletching
20:22 Loom
24:02 Forging
27:05 Iron Casting
29:49 Loom
33:07 Imperial Age
31:14 Gold Mining
31:47 Bow Saw
32:16 Scale Barding Armor
33:53 Scale Mail Armor
34:54 Blast Furnace
33:17 Gothikon
34:48 Heavy Plow
36:01 Wheelbarrow
35:28 Town Watch
36:29 Conscription
36:40 Caravan
37:41 Chain Mail Armor
37:13 Arson
37:16 Gambesons
37:32 Squires
38:47 Hand Cart
39:29 Plate Mail Armor
38:56 Elite Varangian Guard
44:25 Stone Shaft Mining
43:32 Capped Ram
44:35 Siege Ram
中國香港玩家
10:23 Feudal Age
10:02 Loom
14:02 Castle Age
12:21 Double-Bit Axe
12:55 Horse Collar
15:19 Bow Saw
20:09 Scale Mail Armor
22:06 Heavy Plow
21:57 Gold Mining
23:55 Wheelbarrow
23:34 Stone Mining
25:42 Town Watch
28:03 Gold Shaft Mining
27:59 Sanctity
27:51 Redemption
28:39 Atonement
29:03 Hand Cart
28:57 Clerical Recruitment
30:47 Chain Mail Armor
32:00 Forging
35:38 Imperial Age
34:32 Iron Casting
33:48 Fletching
34:25 Squires
33:59 Pikeman
34:25 Arson
35:30 Padded Archer Armor
35:51 Ballistics
36:09 Bodkin Arrow
35:46 Cranequins
37:09 Bracer
37:38 Bloodlines
37:29 Husbandry
38:33 Thumb Ring
38:28 Guard Tower
39:39 Chemistry
39:07 Murder Holes
38:58 Arrowslits
40:20 Plate Mail Armor
39:41 Elite Skirmisher
40:45 Heavy Mounted Crossbowman
41:53 Leather Archer Armor
41:21 Light Cavalry
42:34 Scale Barding Armor
42:46 Caravan
43:17 Masonry
42:47 Treadmill Crane
44:21 Ring Archer Armor
44:06 Siege Engineers
45:34 Chain Barding Armor
46:29 Masonry
48:12 Keep
48:07 Architecture
49:03 Capped Ram
50:17 Conscription
Connection lost

Rejoining the realm…

Still unreachable

The connection could not be restored.

Session expired

The server has moved on; the page needs a fresh start.